 Dungeon Sprint DCSS version 0.30.1-9-gdf580d7c3d (webtiles) character file.

Game seed: 12129620526889639728

330 Heoruswealwe the Spear-Bearer (level 6, -4/62 HPs)
             Began as a Minotaur Fighter on Sept 29, 2023.
             Killed from afar by an acid dragon (28 damage)
             ... with a splash of acid
             ... in the Dungeon (Sprint IX: "|||||||||||||||||||||||||||||").
             The game lasted 00:01:19 (129 turns).

Heoruswealwe the Spear-Bearer (Minotaur Fighter)     Turns: 129, Time: 00:01:20

Health: -4/62      AC:  8    Str: 22    XL:     6   Next: 26%
Magic:  5/5        EV:  9    Int:  5    God:
Gold:   0          SH:  4    Dex: 10    Spells: 5/5 levels left

rFire   . . .        a - +0 trident
rCold   . . .        d - +0 buckler
rNeg    . . .        c - +0 scale mail
rPois   .            (helmet restricted)
rElec   .            (no cloak)
rCorr   .            (no gloves)
SInv    .            (no boots)
Will    .....        (no amulet) Stlth
                     (no ring)
HPRegen 0.30/turn    (no ring)
MPRegen 0.09/turn

%: no teleportation
@: no status effects
A: horns 2, retaliatory headbutt
a: no special abilities


You were in the Dungeon.
You visited 1 branch

Inventory:

Hand Weapons
 a - a +0 trident (weapon)
Armour
 c - a +0 scale mail (worn)
 d - a +0 buckler (worn)
Jewellery
 m - a +3 ring of intelligence
 n - a +3 ring of strength
Wands
 l - a wand of acid (10)
Scrolls
 j - 2 scrolls of blinking
 k - 2 scrolls of amnesia
Potions
 b - a potion of might
 e - 5 potions of curing
 f - 3 potions of heal wounds
 g - a potion of haste
 h - a potion of invisibility
 i - a potion of berserk rage


   Skills:
 + Level 8.8 Fighting
 * Level 11.4 Polearms
 + Level 8.8 Armour
 - Level 3.6 Shields


You had 5 spell levels left.
You didn't know any spells.
Your spell library was empty.

Dungeon Overview and Level Annotations

Branches:
Dungeon (1/1)

Altars:
Cheibriados
Dithmenos
Elyvilon
Fedhas
Gozag
Hepliaklqana
Kikubaaqudgha
Makhleb
Nemelex Xobeh
Okawaru
Qazlal
Ru
Sif Muna
Trog
Uskayaw
Vehumet
Wu Jian
Xom
Yredelemnul
Zin
The Shining One
Jiyva
Lugonu


Innate Abilities, Weirdness & Mutations

You have a pair of horns on your head.
You reflexively headbutt those who attack you in melee.


Message History

The magic dart hits you but does no damage.
You're too confused to move!
Something hits you but does no damage.
You bump into the unnaturally hard rock wall.
You hear some strange, mumbled words.
A magic dart appears from out of thin air!
The magic dart hits you but does no damage.
You bump into the unnaturally hard rock wall.
Something hits you but does no damage. Something hits you but does no damage.
There is an open door to the Dungeon, spattered with blood here.
You see here a howler monkey corpse.
You bump into the unnaturally hard rock wall.
Something hits you but does no damage.
You barely miss something.
You feel less confused. You block something's attack.
You closely miss something. Something hits you but does no damage.
You hit something. Something completely misses you.
You puncture something!
Reactivating autopickup.
You feel a bit more experienced. You block the troll's attack.
The troll closely misses you. The troll claws you but does no damage.
Items here: )) [[ ††.
You closely miss the troll. You headbutt the troll!
The troll is moderately wounded.
The troll barely misses you. You block the troll's attack. x2
You barely miss the troll. You headbutt the troll.
The troll is moderately wounded.
The troll bites you. The troll claws you. The troll completely misses you.
You hit the troll. You headbutt the troll.
The troll is heavily wounded.
The troll bites you. The troll closely misses you. The troll claws you.
You impale the troll!!
The troll is almost dead.
You puncture the troll!
You kill the troll!
The acid dragon spits acid at you. The splash of acid hits you!!
You die... ▓▓▓▓▓▓▓▓▓▓▓▓▓▓▓▓▓▓▓▓▓▓▓ _____'!.).[[[..†@†DD..+ ▓▓▓▓▓▓▓▓▓▓▓▓▓▓▓▓▓▓▓▓▓▓▓

You could see a steam dragon and an acid dragon (catching breath).

Vanquished Creatures
  A troll (D)
  An orc warrior (D)
  A black bear (D)
  2 howler monkeys (D)
  A hound (D)
  An orc wizard (D)
  A gnoll (D)
  An orc (D)
  A giant cockroach (D)
  2 ball pythons (D)
  2 kobolds (D)
14 creatures vanquished.

Notes
Turn   | Place    | Note
-------+----------+-------------------------------------------
     0 | D        | Heoruswealwe the Minotaur Fighter began the quest for the
                  | Orb.
     0 | D        | Reached XP level 1. HP: 19/19 MP: 0/0
    15 | D        | Reached skill level 3 in Polearms
    26 | D        | Noticed a hound
    26 | D        | Noticed a howler monkey
    26 | D        | Noticed a black bear
    31 | D        | Reached skill level 4 in Polearms
    31 | D        | Reached XP level 2. HP: 25/28 MP: 1/1
    39 | D        | Reached skill level 5 in Fighting
    39 | D        | Reached skill level 6 in Polearms
    39 | D        | Reached skill level 5 in Armour
    39 | D        | Reached XP level 3. HP: 25/36 MP: 2/2
    46 | D        | Reached skill level 7 in Polearms
    46 | D        | Reached XP level 4. HP: 26/44 MP: 3/3
    54 | D        | Killed a black bear
    55 | D        | Reached skill level 9 in Polearms
    55 | D        | Reached XP level 5. HP: 20/52 MP: 4/4
    61 | D        | Found a snail-covered altar of Cheibriados.
    61 | D        | Found a shadowy altar of Dithmenos.
    61 | D        | Found a white marble altar of Elyvilon.
    61 | D        | Found a blossoming altar of Fedhas.
    61 | D        | Found an opulent altar of Gozag.
    62 | D        | Found a hazy altar of Hepliaklqana.
    63 | D        | Found a viscous altar of Jiyva.
    64 | D        | Found an ancient bone altar of Kikubaaqudgha.
    65 | D        | Found a corrupted altar of Lugonu.
    66 | D        | Found a burning altar of Makhleb.
    67 | D        | Found a sparkling altar of Nemelex Xobeh.
    68 | D        | Found an iron altar of Okawaru.
    69 | D        | Found a stormy altar of Qazlal.
    70 | D        | Found a sacrificial altar of Ru.
    71 | D        | Found a shimmering blue altar of Sif Muna.
    72 | D        | Found a bloodstained altar of Trog.
    73 | D        | Found a hide-covered altar of Uskayaw.
    74 | D        | Found a radiant altar of Vehumet.
    75 | D        | Found an ornate altar of the Wu Jian Council.
    76 | D        | Found a shimmering altar of Xom.
    77 | D        | Found a basalt altar of Yredelemnul.
    78 | D        | Found a glowing silver altar of Zin.
    79 | D        | Found a glowing golden altar of the Shining One.
   103 | D        | Noticed an orc warrior
   103 | D        | Noticed a troll
   103 | D        | Noticed a steam dragon
   103 | D        | Noticed an acid dragon
   106 | D        | Reached skill level 10 in Polearms
   109 | D        | Killed an orc warrior
   110 | D        | Reached skill level 11 in Polearms
   110 | D        | Reached XP level 6. HP: 31/62 MP: 5/5
   129 | D        | Killed a troll
   129 | D        | Killed from afar by an acid dragon

Illustrated notes

Levels and vault maps discovered:
D:        linesprint [early_d, line_temple, items_1, d_10, items_2, lair_1,
          lair_end, items_3, orc_1, orc_end, items_4, d_15, swamp_1, shoals_1,
          snake_1, spider_1, d_20, vaults_1, items_5, swamp_end, shoals_end,
          snake_end, spider_end, vaults_end, d_27, items_6, zot_1, zot_end,
          crypt_end, forest_end, elf_end, slime_end, tomb_end, abyss_end,
          pan_hell_end]

Skill      XL: |  1  2  3  4  5 |
---------------+----------------+-----
Fighting       | 4 5 6 7 8 |  8.8
Polearms       | 4 6 7 9 11 | 11.4
Armour         | 4 5 6 7 8 |  8.8
Shields        | |  3.6

Action                     |  1- 3 |  4- 6 || total
---------------------------+-------+-------++-------
  Melee: Trident           |    34 |    26 ||    60
         Headbutt          |     1 |     5 ||     6
 Armour: Scale mail        |    12 |    16 ||    28
  Dodge: Dodged            |    11 |    11 ||    22
  Block: Buckler           |     5 |     7 ||    12
